 Dungeon Crawl Stone Soup version 0.30-a0-847-g17996783a1 (webtiles) character file.

Game seed: 11690598041589346468

91 Pimp the Covered (level 4, -2/40 HPs)
             Began as an Armataur Fighter on Mar 3, 2023.
             Slain by a gnoll
             ... wielding a +0 halberd
              (4 damage)
             ... on level 3 of the Dungeon.
             The game lasted 00:02:52 (1831 turns).

Pimp the Covered (Armataur Fighter)                 Turns: 1831, Time: 00:02:52

Health: -2/40      AC: 10    Str: 23    XL:     4   Next: 34%
Magic:  4/4        EV:  8    Int:  9    God:
Gold:   154        SH:  4    Dex:  9    Spells: 3/3 levels left

rFire   . . .      SeeInvis .    a - +1 war axe
rCold   + . .      Faith    .    c - +0 buckler
rNeg    . . .      Spirit   .    f - +2 ring mail {rC+}
rPois   .          Reflect  .    (no helmet)
rElec   .          Roll     +    j - +1 cloak
rCorr   .                        (no gloves)
Will    .....                    (no barding) Stlth
                                 (no amulet)
HPRegen 0.26/turn                (no ring)
MPRegen 0.09/turn                (no ring)

@: no status effects
A: large, rugged brown scales 3, deformed body, armoured tail, roll, long
tongue, awkward tongue
a: no special abilities


You were on level 3 of the Dungeon.
You visited 1 branch of the dungeon, and saw 3 of its levels.

You collected 154 gold pieces.

Inventory:

Hand Weapons
 a - a +1 war axe (weapon)
Armour
 b - a +0 scale mail
 c - a +0 buckler (worn)
 f - a +2 ring mail of cold resistance (worn)
 j - a +1 cloak (worn)
Scrolls
 e - 2 scrolls of identify
 g - a scroll of vulnerability
 i - 3 scrolls of noise {unknown}
 l - a scroll of amnesia {unknown}
 n - a scroll of immolation {unknown}
 o - a scroll of poison {unknown}
 p - a scroll of fog {unknown}
 q - a scroll of fear
Potions
 d - a potion of might
 h - 2 potions of mutation {unknown}
 k - 2 potions of flight {unknown}
 m - a potion of attraction {unknown}
 r - a potion of degeneration {unknown}


   Skills:
 + Level 3.1 Fighting
 + Level 2.2 Axes
 + Level 4.3 Armour
 + Level 0.9 Dodging
 + Level 3.9 Shields


You had 3 spell levels left.
You didn't know any spells.
Your spell library contained the following spells:

 Spells                   Type           Power      Damage    Failure   Level
 Ensorcelled Hibernation  Hex/Ice        0%         N/A       75%         2
 Passwall                 Tmut/Erth      0%         N/A       75%         2
 Ozocubu's Armour         Ice            0%         N/A       93%         3
 Stone Arrow              Conj/Erth      0%         3d7       93%         3
 Swiftness                Air            0%         N/A       93%         3
 Animate Armour           Summ/Erth      0%         N/A       100%        4
 Metabolic Englaciation   Hex/Ice        0%         N/A       100%        5
 Simulacrum               Ice/Necr       0%         N/A       100%        6
 Lehudib's Crystal Spear  Conj/Erth      0%         10d2      100%        8


Dungeon Overview and Level Annotations

Branches:
Dungeon (3/15)

Altars:


Innate Abilities, Weirdness & Mutations

You are completely covered in rugged brown scales. (AC +3, +7% HP)
Armour fits poorly on your strangely shaped body.
You have a long armoured tail.
You roll when moving toward enemies. (Rampage)
Your long tongue fully drains potion bottles. (2x potion effects)
Your tongue gives you trouble enunciating. (1.5x scroll delay)


Message History

You hear a shout!
You closely miss the goblin. The goblin barely misses you.
The goblin closely misses you. The goblin hits you but does no damage.
You closely miss the goblin.
Your tail-slap misses the goblin.
You hit the ball python.
You kill the ball python!
You slash the goblin!
You kill the goblin!
The goblin barely misses you.
The gnoll hits you from afar with a +0 halberd.
You closely miss the goblin. The gnoll hits you but does no damage.
The goblin closely misses you. The goblin hits you but does no damage.
The gnoll barely misses you.
You slash the goblin!
You kill the goblin!
The gnoll hits you but does no damage.
You roll towards the gnoll!
You barely miss the gnoll. The gnoll hits you with a +0 halberd.
You closely miss the gnoll. The gnoll hits you but does no damage.
You block the gnoll's attack.
You hit the gnoll but do no damage. The gnoll hits you but does no damage.
You hit the gnoll.
The gnoll is lightly wounded.
You closely miss the giant cockroach. The giant cockroach closely misses you.
The gnoll hits you with a +0 halberd! The giant cockroach closely misses you.
The gnoll hits you with a +0 halberd!
You closely miss the gnoll. You slash the giant cockroach!
You kill the giant cockroach!
The gnoll barely misses you.
You barely miss the gnoll. The gnoll closely misses you.
The gnoll hits you but does no damage.
You hit the gnoll but do no damage. The gnoll hits you with a +0 halberd.
* * * LOW HITPOINT WARNING * * *
You barely miss the gnoll. You block the gnoll's attack.
You hit the gnoll.
The gnoll is lightly wounded.
The gnoll hits you with a +0 halberd!
* * * LOW HITPOINT WARNING * * *
The gnoll hits you with a +0 halberd.
You die...

....... #....#.#########.
....... #................
....... ##....##....###...
.......## #...........###...
........###............##...
........................####
..............[.........#
.###......g.............####
#.......@...............#
......###)...........###..
.......# ##)##........#....
......... ...#........#....
.....##.. .............#....
### ...................
............#.......
.............#.......
.....#.........###....


You could see a gnoll.

Vanquished Creatures
  Robin (D:2)
  An adder (D:2)
  A gnoll (D:1)
  4 dart slugs
  An orc (D:3)
  An endoplasm (D:2)
  A giant cockroach (D:3)
  16 goblins
  8 hobgoblins
  2 quokkas
  5 ball pythons
  4 bats
  2 frilled lizards (D:1)
  2 kobolds
  2 rats (D:2)
51 creatures vanquished.

Notes
Turn   | Place    | Note
-------+----------+-------------------------------------------
     0 | D:1      | Pimp the Armataur Fighter began the quest for the Orb.
     0 | D:1      | Reached XP level 1. HP: 19/19 MP: 1/1
   334 | D:1      | Reached XP level 2. HP: 25/26 MP: 2/2
   737 | D:2      | You fall into a shaft and drop 1 floor!
   742 | D:2      | Noticed Robin
   748 | D:2      | Reached skill level 4 in Armour
   750 | D:2      | Reached XP level 3. HP: 20/32 MP: 3/3
  1041 | D:2      | Killed Robin
  1142 | D:2      | Noticed a golden eye
  1149 | D:2      | Found a faded altar of an unknown god.
  1150 | D:2      | Noticed a floating eye
  1150 | D:2      | Noticed a shining eye
  1150 | D:2      | Noticed a shining eye
  1202 | D:2      | Reached XP level 4. HP: 36/40 MP: 4/4
  1260 | D:2      | Identified the +3 ring mail "Exkezupn" {rF+ SInv}
  1831 | D:3      | HP: 2/40 [gnoll/+0 halberd (9)]
  1831 | D:3      | Slain by a gnoll

Illustrated notes

Levels and vault maps discovered:
D:1:      lordsloth_arrival_two_stooges, layout_loops_ring,
          minmay_misc_feat_roman
D:2:      kennysheep_big_flooded_room, layout_basic,
          hellmonk_ecumenical_altar_watching_god, uniq_robin
D:3:      layout_basic

Skill      XL: |  1  2  3 |
---------------+----------+-----
Armour         | 4 |  4.3
Fighting       | 3 |  3.1
Axes           | 2 |  2.2
Dodging        | |  0.9
Shields        | |  3.9

Action                     |  1- 3 |  4- 6 || total
---------------------------+-------+-------++-------
  Melee: War axe           |    82 |    24 ||   106
         Tailslap          |     7 |     2 ||     9
    Use: Scroll            |     4 |       ||     4
 Armour: Ring mail         |    43 |    11 ||    54
         Scale mail        |     2 |       ||     2
  Dodge: Dodged            |    39 |    11 ||    50
  Block: Buckler           |    18 |     4 ||    22

Table legend: (Time is in decaauts)
 A = Elapsed time spent in this place.
 B = Non-inter-level travel time spent in this place.
 C = Inter-level travel time spent in this place.
 D = Time resting spent in this place.
 E = Time spent auto-exploring this place.
 F = Levels seen in this place.
 G = Mean time per level.
                   A        B        C        D        E       F      G
               +--------+--------+--------+--------+--------+-----+--------+
         Total |   1879 |   1789 |     90 |     62 |   1346 |   3 |  626.3 |
       Dungeon |   1879 |   1789 |     90 |     62 |   1346 |   3 |  626.3 |
               +--------+--------+--------+--------+--------+-----+--------+

Top non-repeatable levels by time:
     D:2: 992 daAuts
     D:1: 736 daAuts
     D:3: 150 daAuts
